NCAA
MISSOURI TIGERS @ CLEMSON TIGERS
05/17/2026
 
TOP OF THE 1ST
Missouri Tigers batting - Pitching for Clemson Tigers : RHP Neal McElroy
Pitching: RHP Neal McElroy
Batting: LHB Ray Hampton 0-0: Bunt for hit - play at first, batter safe!
Batting: RHB Evan Jackson 0-0: Ball
1-0: Ball
2-0: Ball
3-0: Base on Balls
Ray Hampton to second
Batting: RHB Sean White 0-0: Ball
1-0: Ball
2-0: Ball
3-0: Base on Balls
Ray Hampton to third
Evan Jackson to second
Batting: RHB Irwin Sizemore 0-0: Swinging Strike
0-1: Grounds into double play, 6-4-3 (Groundball, 6M)
Ray Hampton scores
Evan Jackson to third
Batting: RHB Troy González 0-0: Ball
1-0: SINGLE (Line Drive, 4M)
Evan Jackson scores
Batting: RHB Craig Smith 0-0: SINGLE (Line Drive, 6D)
Troy González to second
Batting: RHB Alec Goodman 0-0: Swinging Strike
0-1: Ground out 6-3 (Groundball, 6)
Top of the 1st over - 2 run(s), 3 hit(s), 0 error(s), 2 left on base; Missouri 2 - Clemson 0
BOTTOM OF THE 1ST
Clemson Tigers batting - Pitching for Missouri Tigers : RHP Craig Smith
Pitching: RHP Craig Smith
Batting: LHB Aaron Thompson 0-0: Ball
1-0: Ball
2-0: Ball
3-0: Called Strike
3-1: Ground out 1-3 (Groundball, 5S)
Batting: SHB Kenneth Cruz 0-0: Called Strike
0-1: Ball
1-1: SOLO HOME RUN (Flyball, 8RXD), Distance : 393 ft
Batting: LHB Wally Harris 0-0: Swinging Strike
0-1: Ball
1-1: Foul Ball, location: 2F
1-2: Foul Ball, location: 2F
1-2: Foul Ball, location: 2F
1-2: Strikes out swinging
Batting: LHB Jeff Thompson 0-0: SOLO HOME RUN (Line Drive, 89XD), Distance : 391 ft
Batting: LHB Peter Puckett 0-0: Called Strike
0-1: Ball
1-1: Ball
2-1: Swinging Strike
2-2: Strikes out swinging
Bottom of the 1st over - 2 run(s), 2 hit(s), 0 error(s), 0 left on base; Missouri 2 - Clemson 2
TOP OF THE 2ND
Missouri Tigers batting - Pitching for Clemson Tigers : RHP Neal McElroy
Batting: RHB Norman Dye 0-0: Foul Ball, location: 2F
0-1: SINGLE (Line Drive, 6M)
Batting: SHB Luis Estrada 0-0: TRIPLE (Line Drive, 3D)
Norman Dye scores
Batting: LHB Ray Hampton 0-0: Bunt for hit - play at first, batter safe!
Batting: RHB Evan Jackson 0-0: Ball
1-0: Ball
2-0: Ball
3-0: Base on Balls
Ray Hampton to second
Batting: RHB Sean White 0-0: Ball
1-0: GRAND SLAM HOME RUN (Flyball, 7LD), Distance : 325 ft
Batting: RHB Irwin Sizemore 0-0: Fly out, F8 (Line Drive, 8RS)
Batting: RHB Troy González 0-0: Called Strike
0-1: Foul Ball, location: 2F
0-2: Ball
1-2: Ball
2-2: Ball
3-2: Foul Ball, location: 2F
3-2: Base on Balls
Batting: RHB Craig Smith 0-0: Foul Ball, location: 2F
0-1: Ball
1-1: Fly out, F9 (Flyball, 89M)
Batting: RHB Alec Goodman 0-0: Fly out, F2 (Popup, 2RF)
Top of the 2nd over - 5 run(s), 4 hit(s), 0 error(s), 1 left on base; Missouri 7 - Clemson 2
BOTTOM OF THE 2ND
Clemson Tigers batting - Pitching for Missouri Tigers : RHP Craig Smith
Batting: LHB Frank Vázquez 0-0: Ball
1-0: Called Strike
1-1: Called Strike
1-2: SOLO HOME RUN (Flyball, 89XD), Distance : 379 ft
Batting: RHB Armando Vega 0-0: Ball
1-0: Called Strike
1-1: Ball
2-1: Swinging Strike
2-2: Strikes out looking
Batting: RHB James Taylor 0-0: Ball
1-0: Swinging Strike
1-1: Ball
2-1: Ball
3-1: Swinging Strike
3-2: Strikes out swinging
Batting: RHB Wayne Scott 0-0: Called Strike
0-1: SINGLE (Groundball, 56D)
Batting: LHB Aaron Thompson 0-0: Called Strike
0-1: Called Strike
0-2: Fly out, F6 (Popup, 6)
Bottom of the 2nd over - 1 run(s), 2 hit(s), 0 error(s), 1 left on base; Missouri 7 - Clemson 3
TOP OF THE 3RD
Missouri Tigers batting - Pitching for Clemson Tigers : RHP Neal McElroy
Batting: RHB Norman Dye 0-0: Fly out, F3 (Popup, 3F)
Batting: SHB Luis Estrada 0-0: Called Strike
0-1: Foul Ball, location: 2F
0-2: Ball
1-2: Ball
2-2: Foul Ball, location: 2F
2-2: SINGLE (Groundball, 13) (infield hit)
Batting: LHB Ray Hampton 0-0: Ball
1-0: Ball
2-0: Ball
3-0: Called Strike
3-1: Base on Balls
Luis Estrada to second
Batting: RHB Evan Jackson 0-0: SINGLE (Flyball, 89M)
Luis Estrada to third
Ray Hampton to second
Runner from 3rd tries for Home, SAFE, no throw or cutoff
Batting: RHB Sean White 0-0: Fly out, F9 (Flyball, 9M)
Batting: RHB Irwin Sizemore 0-0: Ground out 1-3 (Groundball, 15)
Top of the 3rd over - 1 run(s), 2 hit(s), 0 error(s), 2 left on base; Missouri 8 - Clemson 3
BOTTOM OF THE 3RD
Clemson Tigers batting - Pitching for Missouri Tigers : RHP Craig Smith
Batting: SHB Kenneth Cruz 0-0: DOUBLE (Flyball, 9LM)
Batting: LHB Wally Harris 0-0: Swinging Strike
0-1: Ball
1-1: Called Strike
1-2: Ball
2-2: Ball
3-2: Foul Ball, location: 2F
3-2: Base on Balls
Batting: LHB Jeff Thompson 0-0: Foul Ball, location: 2F
0-1: Ball
1-1: Ball
2-1: Swinging Strike
2-2: Strikes out swinging
Batting: LHB Peter Puckett 0-0: Called Strike
0-1: Swinging Strike
0-2: Foul Ball, location: 2F
0-2: Strikes out swinging
Batting: LHB Frank Vázquez 0-0: Called Strike
0-1: Ball
1-1: Ball
2-1: Called Strike
2-2: Ball
3-2: Fly out, F8 (Flyball, 8RM)
Bottom of the 3rd over - 0 run(s), 1 hit(s), 0 error(s), 2 left on base; Missouri 8 - Clemson 3
TOP OF THE 4TH
Missouri Tigers batting - Pitching for Clemson Tigers : RHP Neal McElroy
Pitching: RHP Oscar Martin
Batting: RHB Troy González 0-0: Ball
1-0: Foul Ball, location: 2F
1-1: Called Strike
1-2: Ball
2-2: Strikes out looking
Batting: RHB Craig Smith 0-0: Ball
1-0: Called Strike
1-1: SINGLE (Groundball, 6MD)
Batting: RHB Alec Goodman 0-0: Ball
1-0: SINGLE (Groundball, 56D)
Craig Smith to second
Batting: RHB Norman Dye 0-0: Ball
1-0: Called Strike
1-1: Ball
2-1: Ground out 4-3 (Groundball, 13)
Craig Smith to third
Alec Goodman to second
Batting: SHB Luis Estrada 0-0: Called Strike
0-1: Ball
1-1: Swinging Strike
1-2: Ball
2-2: Strikes out swinging
Top of the 4th over - 0 run(s), 2 hit(s), 0 error(s), 2 left on base; Missouri 8 - Clemson 3
BOTTOM OF THE 4TH
Clemson Tigers batting - Pitching for Missouri Tigers : RHP Craig Smith
Batting: RHB Armando Vega 0-0: Ball
1-0: Ball
2-0: Ball
3-0: Base on Balls
Batting: RHB James Taylor 0-0: Ball
1-0: Called Strike
1-1: Ball
2-1: Swinging Strike
2-2: Strikes out looking
Batting: RHB Wayne Scott 0-0: Called Strike
0-1: Swinging Strike
0-2: Ball
1-2: Ground out 5-3 (Groundball, 56S)
Armando Vega to second
Batting: LHB Aaron Thompson 0-0: Swinging Strike
0-1: Ground out 1-3 (Groundball, 25)
Bottom of the 4th over - 0 run(s), 0 hit(s), 0 error(s), 1 left on base; Missouri 8 - Clemson 3
TOP OF THE 5TH
Missouri Tigers batting - Pitching for Clemson Tigers : RHP Oscar Martin
Batting: LHB Ray Hampton 0-0: Called Strike
0-1: Ball
1-1: Foul Ball, location: 2F
1-2: Fly out, F8 (Flyball, 8LM)
Batting: RHB Evan Jackson 0-0: Called Strike
0-1: Ball
1-1: Ball
2-1: Fly out, F9 (Flyball, 89M)
Batting: RHB Sean White 0-0: Called Strike
0-1: Ball
1-1: Called Strike
1-2: Foul Ball, location: 2F
1-2: Strikes out swinging
Top of the 5th over - 0 run(s), 0 hit(s), 0 error(s), 0 left on base; Missouri 8 - Clemson 3
BOTTOM OF THE 5TH
Clemson Tigers batting - Pitching for Missouri Tigers : RHP Craig Smith
Batting: SHB Kenneth Cruz 0-0: Ball
1-0: Swinging Strike
1-1: Ball
2-1: Foul Ball, location: 2F
2-2: Strikes out swinging
Pitching: RHP Kenny Mills
Batting: LHB Wally Harris 0-0: Called Strike
0-1: Ball
1-1: Ball
2-1: Ball
3-1: Swinging Strike
3-2: Foul Ball, location: 2F
3-2: Strikes out looking
Batting: LHB Jeff Thompson 0-0: Foul Ball, location: 2F
0-1: Ground out 1-3 (Groundball, 13)
Bottom of the 5th over - 0 run(s), 0 hit(s), 0 error(s), 0 left on base; Missouri 8 - Clemson 3
TOP OF THE 6TH
Missouri Tigers batting - Pitching for Clemson Tigers : RHP Oscar Martin
Batting: RHB Irwin Sizemore 0-0: Ball
1-0: Foul Ball, location: 2F
1-1: Fly out, F8 (Flyball, 8LM)
Batting: RHB Troy González 0-0: Called Strike
0-1: Ground out 5-3 (Groundball, 56S)
Batting: RHB Craig Smith 0-0: Ball
1-0: Swinging Strike
1-1: Foul Ball, location: 2F
1-2: Foul Ball, location: 2F
1-2: Foul Ball, location: 2F
1-2: Foul Ball, location: 2F
1-2: Foul Ball, location: 2F
1-2: Strikes out swinging
Top of the 6th over - 0 run(s), 0 hit(s), 0 error(s), 0 left on base; Missouri 8 - Clemson 3
BOTTOM OF THE 6TH
Clemson Tigers batting - Pitching for Missouri Tigers : RHP Kenny Mills
Batting: LHB Peter Puckett 0-0: Ball
1-0: Called Strike
1-1: Swinging Strike
1-2: Fly out, F8 (Flyball, 8LM)
Batting: LHB Frank Vázquez 0-0: Ball
1-0: Foul Ball, location: 2F
1-1: Called Strike
1-2: Foul Ball, location: 2F
1-2: Foul Ball, location: 2F
1-2: Foul Ball, location: 2F
1-2: Foul Ball, location: 2F
1-2: Ball
2-2: Ball
3-2: SINGLE (Flyball, 78S)
Batting: RHB Armando Vega 0-0: Ball
1-0: Called Strike
1-1: Swinging Strike
1-2: Foul Ball, location: 2F
1-2: Ball
2-2: Strikes out swinging
Batting: RHB James Taylor 0-0: Called Strike
0-1: Called Strike
0-2: Foul Ball, location: 2F
0-2: Ball
1-2: Ground out 4-3 (Groundball, 4S)
Bottom of the 6th over - 0 run(s), 1 hit(s), 0 error(s), 1 left on base; Missouri 8 - Clemson 3
TOP OF THE 7TH
Missouri Tigers batting - Pitching for Clemson Tigers : RHP Oscar Martin
Pitching: LHP Michael Hays
Batting: RHB Alec Goodman 0-0: Fly out, F6 (Popup, 56)
Batting: RHB Norman Dye 0-0: Ball
1-0: Called Strike
1-1: Swinging Strike
1-2: Foul Ball, location: 2F
1-2: Ball
2-2: Foul Ball, location: 2F
2-2: Strikes out swinging
Batting: SHB Luis Estrada 0-0: Called Strike
0-1: Ball
1-1: SOLO HOME RUN (Flyball, 78XD), Distance : 372 ft
Batting: LHB Ray Hampton 0-0: Ball
1-0: Ground out 5-3 (Groundball, 5S)
Top of the 7th over - 1 run(s), 1 hit(s), 0 error(s), 0 left on base; Missouri 9 - Clemson 3
BOTTOM OF THE 7TH
Clemson Tigers batting - Pitching for Missouri Tigers : RHP Kenny Mills
Batting: RHB Wayne Scott 0-0: Called Strike
0-1: Called Strike
0-2: Ball
1-2: Foul Ball, location: 2F
1-2: Strikes out swinging
Pitching: RHP Johnny Jones
Batting: LHB Aaron Thompson 0-0: Called Strike
0-1: Ball
1-1: Ground out 5-3 (Groundball, 56)
Batting: SHB Kenneth Cruz 0-0: Foul Ball, location: 2F
0-1: Ball
1-1: Swinging Strike
1-2: Ball
2-2: Ball
3-2: Foul Ball, location: 2F
3-2: Base on Balls
Batting: LHB Wally Harris 0-0: Called Strike
0-1: Ball
1-1: Foul Ball, location: 2F
1-2: Strikes out swinging
Bottom of the 7th over - 0 run(s), 0 hit(s), 0 error(s), 1 left on base; Missouri 9 - Clemson 3
TOP OF THE 8TH
Missouri Tigers batting - Pitching for Clemson Tigers : LHP Michael Hays
Batting: RHB Evan Jackson 0-0: Ball
1-0: SINGLE (Groundball, 56D)
Batting: RHB Sean White 0-0: Called Strike
0-1: Grounds into double play, 5-4-3 (Groundball, 5L)
Batting: RHB Irwin Sizemore 0-0: Foul Ball, location: 2F
0-1: Ball
1-1: Ground out 6-3 (Groundball, 6)
Top of the 8th over - 0 run(s), 1 hit(s), 0 error(s), 0 left on base; Missouri 9 - Clemson 3
BOTTOM OF THE 8TH
Clemson Tigers batting - Pitching for Missouri Tigers : RHP Johnny Jones
Batting: LHB Jeff Thompson 0-0: Ball
1-0: Ball
2-0: Ball
3-0: Base on Balls
Batting: LHB Peter Puckett 0-0: Ball
Wild Pitch!
Jeff Thompson to second
1-0: Foul Ball, location: 2F
1-1: Ball
2-1: Fly out, F8 (Flyball, 89XD)
Runner from 2nd tags up, SAFE at 3rd, no throw
Batting: LHB Frank Vázquez 0-0: Foul Ball, location: 2F
0-1: Ball
1-1: Ball
2-1: SINGLE (Groundball, 34D)
Jeff Thompson scores
Batting: RHB Armando Vega 0-0: Swinging Strike
0-1: Ball
1-1: Ball
2-1: Ball
3-1: Foul Ball, location: 2F
3-2: Foul Ball, location: 2F
3-2: Grounds into double play, 6-4-3 (Groundball, 6M)
Bottom of the 8th over - 1 run(s), 1 hit(s), 0 error(s), 0 left on base; Missouri 9 - Clemson 4
TOP OF THE 9TH
Missouri Tigers batting - Pitching for Clemson Tigers : LHP Michael Hays
Batting: RHB Troy González 0-0: Ball
1-0: Called Strike
1-1: Swinging Strike
1-2: Foul Ball, location: 2F
1-2: Foul Ball, location: 2F
1-2: Ground out 4-3 (Groundball, 4M)
Batting: RHB Craig Smith 0-0: Called Strike
0-1: Called Strike
0-2: Strikes out swinging
Batting: RHB Alec Goodman 0-0: Swinging Strike
0-1: Fly out, F5 (Popup, 5)
Top of the 9th over - 0 run(s), 0 hit(s), 0 error(s), 0 left on base; Missouri 9 - Clemson 4
BOTTOM OF THE 9TH
Clemson Tigers batting - Pitching for Missouri Tigers : RHP Johnny Jones
Pitching: RHP Teddy Foster
Batting: RHB James Taylor 0-0: Fly out, F3 (Popup, 4)
Batting: RHB Wayne Scott 0-0: Fly out, F4 (Popup, 4S)
Batting: LHB Aaron Thompson 0-0: Foul Ball, location: 2F
0-1: Swinging Strike
0-2: SOLO HOME RUN (Flyball, 9D), Distance : 364 ft
Batting: SHB Kenneth Cruz 0-0: Fly out, F5 (Line Drive, 56)
Bottom of the 9th over - 1 run(s), 1 hit(s), 0 error(s), 0 left on base; Missouri 9 - Clemson 5
Monday, December 5th, 2016 - OOTP Baseball 17.12 Build 75